 Dungeon Crawl Stone Soup version 0.30.1-11-g7821555f0a (webtiles) character file.

Game seed: 8669828968304709860

35407 Woods the Thaumaturge (level 14, -8/107 HPs)
             Began as a Djinni Conjurer on Nov 2, 2023.
             Was an Initiate of Ashenzari.
             Mangled by a komodo dragon (27 damage)
             ... on level 3 of the Lair of Beasts.
             The game lasted 00:55:18 (15482 turns).

Woods the Thaumaturge (Djinni Conjurer)            Turns: 15482, Time: 00:55:18

Health: -8/107     AC: 14    Str:  8    XL:     14   Next: 18%
Gold:   843        EV: 14    Int: 23    God:    Ashenzari [......] SH:  0 Dex: 12

rFire   + + .        (no weapon)
rCold   x . .        (no shield)
rNeg    . . .        c - +0 troll leather armour
rPois   ∞            B - +1 helmet
rElec   .            C - +1 cloak
rCorr   +            K - +0 pair of gloves
SInv    .            (boots unavailable)
Will    +....        v - amulet of regeneration
Stlth   ++++         e - +4 ring of protection
HPRegen 1.97/turn    F - ring of resist corrosion
MPRegen 0.00/turn

%: infuse magic (-9 HP)
@: about to teleport, flying
A: sickness immunity, fire resistance 2, cold vulnerability 1, float, innate
caster, HP casting, extra vitality 1
a: Renounce Religion, Curse Item


You were on level 3 of the Lair of Beasts.
You worshipped Ashenzari.
Ashenzari was noncommittal.
You visited 3 branches of the dungeon, and saw 17 of its levels.

You collected 843 gold pieces.

Inventory:

Hand Weapons
 G - a +1 scimitar of flaming
Missiles
 N - 2 throwing nets
Armour
 c - a +0 troll leather armour (worn)
 o - a scarf of invisibility
 B - a +1 helmet (worn)
 C - a +1 cloak (worn)
 E - +0 steam dragon scales
 H - a +1 robe of willpower
 K - a +0 pair of gloves (worn)
Jewellery
 e - a +4 ring of protection (left hand)
 v - an amulet of regeneration (around neck)
 y - a ring of see invisible
 F - a ring of resist corrosion (right hand)
 L - a +4 ring of protection
Wands
 n - a wand of flame (44)
 A - a wand of quicksilver (13)
 I - a wand of polymorph (2)
 J - a wand of charming (19)
 Q - a wand of iceblast (2)
Scrolls
 a - a scroll of amnesia {unknown}
 d - 5 scrolls of fog
 g - 3 scrolls of magic mapping
 j - 2 scrolls of identify
 k - 7 scrolls of teleportation
 l - 2 scrolls of poison {unknown}
 m - 5 scrolls of vulnerability
 p - 2 scrolls of blinking {unknown}
 r - 2 scrolls of torment {unknown}
 s - 4 scrolls of enchant weapon
 u - 3 scrolls of silence {unknown}
 M - a scroll of acquirement {unknown}
 O - 2 scrolls of fear {unknown}
Potions
 b - a potion of magic {unknown}
 f - 5 potions of brilliance
 h - 5 potions of curing
 i - 5 potions of cancellation
 q - 3 potions of mutation {unknown}
 t - 3 potions of lignification {unknown}
 w - 3 potions of attraction {unknown}
 x - 3 potions of haste {unknown}
 z - 4 potions of heal wounds
 D - 2 potions of berserk rage {unknown}
 P - a potion of might {unknown}
 R - a potion of ambrosia {unknown}


   Skills:
 + Level 12.0 Fighting
 - Level 6.0 Armour
 - Level 9.0 Dodging
 - Level 9.0 Stealth
 + Level 12.1 Spellcasting


You knew the following spells:

 Your Spells              Type           Power      Damage    Failure   Level
a - Magic Dart            Conj           100%       1d8       1%          1
b - Searing Ray           Conj           100%       2d8       1%          2
c - Dazzling Flash        Conj/Hex       100%       N/A       1%          3
d - Fulminant Prism       Conj/Hex       31%        3d15      1%          4
e - Iskenderun's Mystic   Conj/Tloc      62%        2d13      1%          4
f - Freeze                Ice            100%       1d10      1%          1
g - Poisonous Vapours     Pois/Air       100%       N/A       1%          2
h - Blink                 Tloc           100%       N/A       1%          2
i - Ice Form              Ice/Tmut       62%        N/A       1%          4
j - Alistair's Intoxicat  Tmut/Pois      41%        N/A       1%          5
k - Yara's Violent Unrav  Hex/Tmut       31%        3d13      1%          5
Your spell library was empty.

Dungeon Overview and Level Annotations

Branches:
Dungeon (13/15)            Temple (1/1) D:4            Lair (3/5) D:9
  Snake (0/4) Lair:2          Orc (0/2) D:11
  Swamp: Lair:2-3    Shoals: Lair:2-3    Vaults: D:13-14

Altars:
Ashenzari
Cheibriados
Dithmenos
Elyvilon
Fedhas
Gozag
Hepliaklqana
Makhleb
Nemelex Xobeh
Okawaru
Qazlal
Ru
Trog
Uskayaw
Wu Jian
Xom
Yredelemnul
Zin
The Shining One
Jiyva

Shops:
D:10 [*:[=

Annotations:
D:3 exclusion: statue
D:6 Grinder
D:8 2 transporters, Grum; Nexanis's ghost, novice MiFi
D:12 3 runed translucent doors, eurytides's ghost, journeyman MiFi
Lair:3 Gastronok


Innate Abilities, Weirdness & Mutations

You are immune to sickness and miasma.
You are immune to poison.
Your flesh is very heat resistant. (rF++)
You are vulnerable to cold. (rC-)
You float through the air rather than walking.
You learn spells naturally, not from books.
Your magical power is your life essence.
You have superior vitality. (+4 MHP)


Message History

You kill the rime drake!
The blast of energy engulfs the water moccasin!!
You kill the water moccasin!
The blast of energy engulfs Gastronok!!
Gastronok is moderately wounded.
You hear an angry hiss.
Unknown command.
Unknown command.
Unknown command.
As you read the scroll of fog, it crumbles to dust.
The scroll dissolves into smoke.
A komodo dragon comes into view.
The ice encasing you melts away. The cane toad completely misses you.
Casting: Iskenderun's Mystic Blast (safe; 1% risk of failure)
Confirm with . or Enter, or press ? or * to list all spells.
You erupt in a blast of force!
The mystic blast hits the cane toad.
The cane toad is almost dead.
The cane toad is knocked back by the mystic blast.
* * * LOW HITPOINT WARNING * * *
Unknown command.
Casting: Iskenderun's Mystic Blast (safe; 1% risk of failure)
Confirm with . or Enter, or press ? or * to list all spells.
You erupt in a blast of force!
The mystic blast hits the cane toad.
The cane toad is almost dead.
* * * LOW HITPOINT WARNING * * *
Unknown command.
Unknown command.
As you read the scroll of teleportation, it crumbles to dust.
You feel strangely unstable. The water moccasin closely misses you.
The cane toad stings you but does no damage.
The water moccasin bites you but does no damage.
Casting: Iskenderun's Mystic Blast (safe; 1% risk of failure)
Confirm with . or Enter, or press ? or * to list all spells.
You blink.
* * * LOW HITPOINT WARNING * * *
Unknown command.
The komodo dragon attacks as you move away!
The komodo dragon bites you!!
You die...

.....#.......
........)...
#.##.....###
#..#....#..##
##......#....#
#.....#.....#
#........###
##.P......#
#P.#P.@.§##
##..#...lF§####
#.....#~l§~S§.##
#....#.~§§S§§..#
###....#~~§§§§§.†#
#......P..§§§§§..# ##
...#.#.....§l≈≈†~.#..#
..###.....<~†≈≈≈~...##
.# #P.....≈≈≈w≈~....#


You could see 2 komodo dragons, a cane toad and a water moccasin.

Vanquished Creatures
  2 hydras
  Harold (Lair:1)
  3 boulder beetles
  A catoblepas (Lair:1)
  A two-headed ogre (D:9)
  Erica (D:8)
  2 tengu warriors (D:11)
  Nergalle (D:12)
  A skyshark (Lair:2)
  Sonja (Lair:2)
  A cyclops (D:11)
  A salamander (Lair:2)
  3 manticores
  5 black mambas
  Joseph (D:7)
  6 elephants (Lair:1)
  4 cane toads (Lair:2)
  3 torpor snails (Lair:2)
  A gargoyle (D:12)
  Maggie (D:6)
  2 rime drakes
  2 unseen horrors
  Psyche (D:8)
  5 komodo dragons
  2 trolls (D:11)
  A polar bear (D:9)
  A hornet (D:8)
  Prince Ribbit (D:8)
  2 blink frogs (Lair:2)
  5 slime creatures (D:12)
  2 vampires
  23 yaks
  4 basilisks
  Edmund (D:6)
  An acid dragon (D:10)
  9 water moccasins
  Duvessa (D:7)
  11 orc warriors
  A swamp drake (Lair:3)
  5 black bears
  4 ice beasts (D:9)
  2 sky beasts (D:7)
  23 wolves
  7 ogres
  2 centaurs
  12 bullfrogs
  Blork the orc (D:6)
  2 kobold brigands
  2 wyvern zombies (D:5)
  2 gnoll sergeants (D:11)
  2 scorpions
  2 water moccasin zombies (D:5)
  Dowan (D:7)
  8 wights
  6 killer bees (D:10)
  4 electric eels (D:10)
  A bullfrog zombie (D:5)
  A centaur zombie (D:5)
  4 lava snakes (Lair:2)
  6 hounds
  A jelly (D:7)
  12 orc priests
  Crazy Yiuf (D:6)
  A gnoll bouda (D:8)
  2 sleepcaps
  7 iguanas
  Natasha (thrice) (D:2)
  4 orc wizards
  Robin (D:4)
  7 adders
  7 gnolls
  A white imp (D:5)
  A worm (D:5)
  A dart slug (D:2)
  39 orcs
  7 ball pythons
  7 bats
  9 endoplasms
  2 giant cockroaches
  15 goblins
  12 hobgoblins
  6 jackals (D:2)
  14 kobolds
  2 quokkas (D:2)
  5 frilled lizards
  3 rats
  A spectral goblin (D:1)
  A fulminant prism (D:9)
384 creatures vanquished.

Vanquished Creatures (others)
  189 fulminant prisms
189 creatures vanquished.

Grand Total: 573 creatures vanquished

Notes
Turn   | Place    | Note
-------+----------+-------------------------------------------
     0 | D:1      | Woods the Djinni Conjurer began the quest for the Orb.
     0 | D:1      | Woods set off with the following spells memorised: Magic
                  | Dart, Searing Ray, Dazzling Flash, Fulminant Prism,
                  | Iskenderun's Mystic Blast.
     0 | D:1      | Reached XP level 1. HP: 15/15 MP: 0/0
   200 | D:1      | Reached XP level 2. HP: 20/22 MP: 0/0
   242 | D:1      | Found a faded altar of an unknown god.
   624 | D:1      | Reached XP level 3. HP: 17/26 MP: 0/0
   624 | D:1      | Learned a level 1 spell: Freeze
   784 | D:2      | Reached skill level 1 in Fighting
  1207 | D:2      | Noticed Natasha
  1212 | D:2      | Killed Natasha
  1213 | D:2      | Reached XP level 4. HP: 27/32 MP: 0/0
  1517 | D:2      | Noticed Natasha
  1524 | D:2      | Killed Natasha
  1717 | D:2      | Reached XP level 5. HP: 34/38 MP: 0/0
  1717 | D:2      | Learned a level 2 spell: Poisonous Vapours
  1738 | D:2      | Noticed Natasha
  1747 | D:2      | Killed Natasha
  2248 | D:3      | Found a stormy altar of Qazlal.
  2255 | D:3      | Found a shimmering altar of Xom.
  2736 | D:3      | Noticed a charred statue
  3143 | D:4      | Found a sacrificial altar of Ru.
  3209 | D:4      | Reached XP level 6. HP: 39/43 MP: 0/0
  3337 | D:4      | Noticed Robin
  3373 | D:4      | Killed Robin
  3424 | D:4      | Found a staircase to the Ecumenical Temple.
  3449 | Temple   | Entered the Ecumenical Temple
  3876 | D:4      | Noticed a black bear
  3897 | D:4      | Killed a black bear
  3898 | D:4      | Reached XP level 7. HP: 33/49 MP: 0/0
  3898 | D:4      | Learned a level 2 spell: Blink
  4474 | D:5      | Entered Level 5 of the Dungeon
  4804 | D:5      | Reached skill level 5 in Spellcasting
  4804 | D:5      | Reached XP level 8. HP: 45/56 MP: 0/0
  5118 | D:5      | Reached skill level 5 in Dodging
  5622 | D:5      | Found a basalt altar of Yredelemnul.
  5636 | D:5      | Reached XP level 9. HP: 62/63 MP: 0/0
  5636 | D:5      | Learned a level 4 spell: Ice Form
  5879 | D:6      | Noticed Grinder
  6104 | D:6      | Noticed Edmund
  6117 | D:6      | Killed Edmund
  6118 | D:6      | Reached skill level 5 in Fighting
  6118 | D:6      | Reached skill level 5 in Stealth
  6300 | D:6      | Noticed Blork the orc
  6307 | D:6      | Killed Blork the orc
  6413 | D:6      | Found a runed translucent door.
  6414 | D:6      | Noticed Crazy Yiuf
  6634 | D:6      | Killed Crazy Yiuf
  6986 | D:7      | Noticed Maggie
  7010 | D:7      | Noticed Joseph
  7093 | D:6      | Killed Maggie
  7094 | D:6      | Reached XP level 10. HP: 43/72 MP: 0/0
  7212 | D:7      | Killed Joseph
  7616 | D:7      | Killed an unseen horror
  7812 | D:7      | Noticed Duvessa
  7812 | D:7      | Noticed Dowan
  7816 | D:7      | Killed Dowan
  7826 | D:7      | Killed Duvessa
  7990 | D:8      | Noticed Erica
  8087 | D:8      | Killed Erica
  8149 | D:8      | Found a transporter.
  8284 | D:8      | Noticed Nexanis's ghost (novice MiFi)
  8445 | D:8      | Found a transporter.
  8467 | D:8      | Noticed Grum
  8636 | D:8      | Reached XP level 11. HP: 60/79 MP: 0/0
  8636 | D:8      | Learned a level 5 spell: Alistair's Intoxication
  8871 | D:8      | Noticed Prince Ribbit
  8881 | D:8      | Killed Prince Ribbit
  8969 | D:8      | Noticed Psyche
  8977 | D:8      | Killed Psyche
  8978 | D:8      | Reached skill level 10 in Spellcasting
  9011 | D:8      | Found a glowing golden altar of the Shining One.
  9011 | D:8      | Found a broken altar of Ashenzari.
  9074 | D:8      | Found a white marble altar of Elyvilon.
  9076 | D:8      | You are sucked into a shaft and drop 2 floors!
  9076 | D:10     | Entered Level 10 of the Dungeon
  9077 | D:10     | Found Iruselih's Jewellery Emporium.
  9273 | D:8      | Found an opulent altar of Gozag.
  9384 | D:9      | Reached skill level 1 in Armour
  9444 | D:9      | Found a staircase to the Lair.
  9520 | D:9      | Noticed a boulder beetle
  9611 | D:9      | Killed a boulder beetle
  9708 | D:9      | Noticed a two-headed ogre
  9712 | D:9      | Noticed a manticore
  9733 | D:9      | Killed a two-headed ogre
  9791 | D:9      | Killed a manticore
 10082 | D:9      | Identified the +1 robe "Zemosio" {rF+ Will+}
 10212 | D:10     | Reached XP level 12. HP: 87/88 MP: 0/0
 10243 | D:10     | Found Torph's Antique Armour Shop.
 10266 | D:10     | Found an iron altar of Okawaru.
 10275 | D:10     | Found a blossoming altar of Fedhas.
 10360 | D:10     | Found a hide-covered altar of Uskayaw.
 10410 | D:10     | Found Liusas's Book Shoppe.
 10440 | D:10     | Found Toddyrun's Armour Shop.
 10458 | D:10     | Found Yppecai's General Store.
 10875 | D:11     | Found a staircase to the Orcish Mines.
 11131 | D:8      | Became a worshipper of Ashenzari the Shackled
 11264 | D:11     | Noticed a tengu warrior
 11270 | D:11     | Noticed a tengu warrior
 11273 | D:11     | Killed a tengu warrior
 11279 | D:11     | Killed a tengu warrior
 11351 | D:11     | Noticed a boulder beetle
 11764 | D:11     | Killed a boulder beetle
 12164 | D:12     | Noticed Nergalle
 12172 | D:12     | Killed Nergalle
 12313 | D:12     | Found a runed translucent gate.
 12313 | D:12     | Found a runed translucent gate.
 12313 | D:12     | Found a runed translucent gate.
 12315 | D:12     | Noticed an azure jelly
 12316 | D:12     | Noticed an azure jelly
 12316 | D:12     | Noticed an azure jelly
 12317 | D:12     | Noticed an acid blob
 12317 | D:12     | Noticed eurytides's ghost (journeyman MiFi)
 12317 | D:12     | Noticed an acid blob
 12317 | D:12     | Noticed an azure jelly
 12318 | D:12     | Noticed an acid blob
 12318 | D:12     | Noticed an azure jelly
 12319 | D:12     | Noticed a great orb of eyes
 12336 | D:12     | Identified the +3 chain mail "Ygiturix" {rF+ MP+9 Str+3}
 12390 | D:12     | Noticed a boulder beetle
 12421 | D:12     | Killed a boulder beetle
 12422 | D:12     | Reached skill level 5 in Armour
 12843 | D:12     | Reached XP level 13. HP: 76/95 MP: 0/0
 12843 | D:12     | Learned a level 5 spell: Yara's Violent Unravelling
 12918 | D:12     | Found a viscous altar of Jiyva.
 13085 | Lair:1   | Entered Level 1 of the Lair of Beasts
 13234 | Lair:1   | Noticed a catoblepas
 13358 | Lair:1   | Reached skill level 10 in Fighting
 13429 | Lair:1   | Noticed Harold
 13757 | Lair:1   | Killed a catoblepas
 13829 | Lair:1   | Killed Harold
 14321 | Lair:2   | Noticed Sonja
 14327 | Lair:2   | Killed Sonja
 14328 | Lair:2   | Noticed an eight-headed hydra
 14337 | Lair:2   | Killed an eight-headed hydra
 14698 | Lair:2   | Found a snail-covered altar of Cheibriados.
 14847 | Lair:2   | Found a staircase to the Snake Pit.
 14867 | Lair:2   | Reached XP level 14. HP: 63/105 MP: 0/0
 15462 | Lair:3   | Noticed Gastronok
 15482 | Lair:3   | Mangled by a komodo dragon

Illustrated notes

Levels and vault maps discovered:
D:1:      dpeg_arrival_chambers_temple_mockup, layout_loops_ring,
          dreamdust_ecumenical_altar_drowned_temple, dk_noncrumbling_4
D:2:      layout_loops_corners, nicolae_eternal_life, grunt_ministairs_2,
          kennysheep_generic_room_12, uniq_natasha
D:3:      layout_basic, vehumet_statue, mainiacjoe_overflow_six_doors_small,
          nicolae_overflow_squiral, serial_bayou, serial_bayou_shore_b,
          serial_bayou_crossing, serial_bayou_pond_a, serial_bayou_pond_b,
          dreamdust_princess_corridor
D:4:      layout_gridville, nicolae_ru_awakened_eye, lemuel_temple_firewalk_a,
          uniq_robin
D:5:      nicolae_cairo_tiling_large_dashed, layout_basic,
          nicolae_yredelemnul_corpse_copse, nicolae_figureground_pulse
D:6:      layout_basic, uniq_crazy_yiuf_cottage, uniq_blork_the_orc,
          uniq_edmund, uniq_grinder
D:7:      layout_basic, david_defended_altar_orc, uniq_joseph, uniq_maggie,
          uniq_duvessa
D:8:      layout_basic, nicolae_overflow_hidden_temple,
          gammafunk_ghost_stat_death, patterned_corridor, uniq_psyche,
          uniq_grum, uniq_erica, uniq_prince_ribbit1
D:9:      layout_rooms, hellmonk_lair_entry_icy, kb_rosetta
D:10:     layout_basic, mainiacjoe_overflow_catwalk_spiral,
          amcnicky_altar_gilded, serial_shops, shop_statue,
          nicolae_take_the_stairs, shop, nicolae_shop_hallway_plus, shop
D:11:     layout_long_grid, kennysheep_orc_monster_closet_entryway
D:12:     layout_roguey, gammafunk_ghost_ooze, uniq_nergalle
D:13:     layout_loops_ring, david_vaults_2, kennysheep_treasure_room
Temple:   jpeg_temple_island
Lair:1:   layout_loops_ring, st_stairs_13, uniq_harold
Lair:2:   layout_cave_pods, nicolae_snake_entry_warm_welcome,
          nicolae_lair_lil_pond, kennysheep_snail_temple, grunt_megastairs_2,
          infiniplex_staircase_pool_2, uniq_sonja
Lair:3:   layout_misc_corridors, minmay_swamp_entry_reptiles,
          grunt_megastairs_5, serial_bayou_shore_a, serial_bayou_shore_b,
          infiniplex_staircase_pool, uniq_gastronok

Skill      XL: |  1  2  3  4  5  6  7  8  9 10 11 12 13 14 |
---------------+-------------------------------------------+-----
Fighting       | 1 2 3 4 5 7 8 9 11 12 | 12.0
Stealth        | 2 3 4 5 6 7 9 |  9.0
Dodging        | 3 4 5 6 7 8 9 |  9.0
Spellcasting   | 4 5 7 9 10 11 12 | 12.1
Armour         | 3 5 6 |  6.0

Action                     |  1- 3 |  4- 6 |  7- 9 | 10-12 | 13-15 || total
---------------------------+-------+-------+-------+-------+-------++-------
  Melee: Unarmed           |     3 |     1 |       |       |       ||     4
   Cast: Magic Dart        |    66 |    60 |    70 |    60 |    54 ||   310
         Searing Ray       |     1 |    25 |    64 |    57 |    86 ||   233
         Poisonous Vapours |       |     9 |       |     1 |     4 ||    14
         Fulminant Prism   |       |     1 |     4 |   142 |    43 ||   190
         Iskenderun's Myst |       |       |    11 |    68 |    43 ||   122
         Blink             |       |       |     1 |       |     1 ||     2
    Use: Potion            |       |       |     1 |       |       ||     1
         Scroll            |       |       |       |     5 |     7 ||    12
 Armour: Robe              |     2 |     5 |    27 |       |       ||    34
         Steam dragon scal |       |       |       |    48 |       ||    48
         Troll leather arm |       |       |       |     6 |    64 ||    70
  Dodge: Dodged            |     6 |     6 |    58 |    78 |   110 ||   258
